AoeStats
← SHIOZEN

Hideout

510168822Analyzed
1v1 RM · 3d ago on Sep 29, 2026· 37m 44s· 2 players
Game mode
Random Map
Map size
Tiny (2 player)
Population
200
Speed
Normal
Resources
Standard
Victory
Conquest
Starting age
Dark Age
Ending age
Imperial Age
RankedLock teamsTeams togetherTeam positionsShared explorationLock speedFull tech treeHidden civsTurbo modeCheats
Victory
Defeat
1602
+13
🇨🇴 Spanish · Colombia
1526
-13
SHIOZEN
9:56 Feudal Age
14:23 Castle Age
12:12 Double-Bit Axe
12:15 Horse Collar
15:48 Bow Saw
19:21 Heavy Plow
19:55 Loom
20:53 Wheelbarrow
21:00 Wheelbarrow
20:10 Town Watch
22:09 Stone Mining
23:09 Gold Mining
23:55 Stone Shaft Mining
28:06 Imperial Age
26:33 Hand Cart
26:19 Town Patrol
26:42 Scale Barding Armor
26:47 Forging
27:47 Chain Barding Armor
28:44 Bloodlines
27:55 Light Cavalry
28:29 Cavalier
29:09 Husbandry
30:10 Plate Barding Armor
30:11 Iron Casting
30:06 Elite Conquistador
31:07 Conscription
32:18 Chemistry
31:26 Padded Archer Armor
34:21 Leather Archer Armor
36:32 Fletching
37:13 Ring Archer Armor
[CL] Guatona, Guatona qla fea
10:25 Feudal Age
13:58 Castle Age
11:49 Double-Bit Axe
12:04 Horse Collar
15:01 Bow Saw
15:44 Wheelbarrow
15:20 Heavy Plow
16:19 Fervor
23:25 Hand Cart
24:30 Loom
24:32 Town Watch
27:42 Imperial Age
25:39 Town Watch
28:04 Chemistry
27:09 Scale Mail Armor
27:19 Forging
27:11 Squires
27:57 Pikeman
28:53 Chain Mail Armor
28:52 Redemption
29:05 Conscription
29:15 Halberdier
30:26 Plate Mail Armor
30:35 Iron Casting
30:16 Hussite Reforms
30:03 Arson
31:12 Block Printing
31:20 Sanctity
32:08 Devotion
32:44 Theocracy
33:27 Padded Archer Armor
34:27 Blast Furnace
33:19 Fletching
34:20 Houfnice
36:01 Leather Archer Armor
38:44 Ring Archer Armor
38:09 Bodkin Arrow
Connection lost

Rejoining the realm…

Still unreachable

The connection could not be restored.

Session expired

The server has moved on; the page needs a fresh start.